 Seeded DCSS version 0.28.0-53-g5a82cb258f (webtiles) character file.

Game seed: 1973 (custom seed)

1355 Kazon the Covert (level 8, -29/55 HPs)
             Began as an Octopode Monk on July 13, 2022.
             Was a Believer of Makhleb.
             Annihilated by a komodo dragon (31 damage)
             ... on level 7 of the Dungeon.
             The game lasted 00:23:28 (5904 turns).

Kazon the Covert (Octopode Monk)                    Turns: 5904, Time: 00:23:29

Health: -29/55     AC:  1    Str: 12    XL:     8   Next: 63%
Magic:  10/10      EV: 10    Int: 13    God:    Makhleb [**....]
Gold:   1000       SH: 10    Dex: 14    Spells: 7/7 levels left

rFire   . . .      SeeInvis .   a - +2 dagger (vamp)
rCold   . . .      Faith    .   c - +0 tower shield
rNeg    . . .      Spirit   .   (helmet restricted)
rPois   .          Reflect  .   i - amulet of magic regeneration
rElec   .          Harm     .   (no ring)
rCorr   .          Rampage  .   (no ring)
Will    .....                   (no ring)
Stlth   +++++.....              (no ring)
HPRegen 0.18/turn               (no ring)
MPRegen 0.52/turn               (no ring)
                                (no ring)
                                (no ring)

@: about to teleport
A: almost no armour, amphibious, 8 rings, camouflage 1, gelatinous body 1,
(nimble swimmer 1), tentacles
a: Renounce Religion, Minor Destruction


You were on level 7 of the Dungeon.
You worshipped Makhleb.
Makhleb was pleased with you.
You visited 2 branches of the dungeon, and saw 8 of its levels.

You collected 1360 gold pieces.
You spent 360 gold pieces at shops.

Inventory:

Hand Weapons
 a - a +2 vampiric dagger (weapon)
 e - a +1 short sword of venom
Missiles
 n - 8 poisoned darts (quivered)
 E - 182 stones
Armour
 c - a +0 tower shield (worn)
 w - an orb of wrath
Jewellery
 i - an amulet of magic regeneration (around mantle)
 r - a ring of fire
Wands
 m - a wand of flame (23)
Scrolls
 f - 2 scrolls of teleportation
 g - 2 scrolls of fog {unknown}
 j - 2 scrolls of immolation {unknown}
 l - a scroll of identify
 o - a scroll of fear {unknown}
 t - a scroll of holy word {unknown}
 v - a scroll of vulnerability {unknown}
 x - a scroll of brand weapon {unknown}
 y - a scroll of blinking {unknown}
 F - a scroll of enchant armour {unknown}
Potions
 b - a potion of ambrosia
 d - 3 potions of might
 h - 2 potions of berserk rage
 k - 3 potions of curing
 p - 2 potions of flight {unknown}
 q - a potion of resistance {unknown}
 s - a potion of cancellation
 u - 3 potions of heal wounds
 z - 2 potions of invisibility {unknown}
 A - a potion of mutation
 B - a potion of lignification
 C - a potion of haste
 D - 2 potions of brilliance


   Skills:
 * Level 5.1 Fighting
 + Level 4.7 Short Blades
 * Level 2.7 Throwing
 * Level 5.0 Dodging
 + Level 8.2 Stealth
 * Level 3.0 Invocations
 * Level 2.8 Evocations


You had 7 spell levels left.
You didn't know any spells.
Your spell library contained the following spells:

 Spells                   Type           Power      Damage    Failure   Level
 Sting                    Tmut/Pois      0%         1d3       99%         1
 Ensorcelled Hibernation  Hex/Ice        0%         N/A       100%        2
 Poisonous Vapours        Pois/Air       0%         N/A       100%        2
 Sublimation of Blood     Necr           0%         N/A       100%        2
 Portal Projectile        Hex/Tloc       0%         N/A       100%        3
 Spider Form              Tmut/Pois      0%         N/A       100%        3
 Anguish                  Hex/Necr       0%         N/A       100%        4
 Hailstorm                Conj/Ice       0%         3d3       100%        4
 Ice Form                 Ice/Tmut       0%         N/A       100%        4
 Olgreb's Toxic Radiance  Pois           0%         N/A       100%        4
 Petrify                  Tmut/Erth      0%         N/A       100%        4
 Blade Hands              Tmut           0%         N/A       100%        5
 Excruciating Wounds      Necr           0%         N/A       100%        5
 Irradiate                Conj/Tmut      0%         3d14      100%        5
 Summon Forest            Summ/Tloc      0%         N/A       100%        5
 Eringya's Noxious Bog    Tmut/Pois      0%         N/A       100%        6
 Simulacrum               Ice/Necr       0%         N/A       100%        6
 Summon Hydra             Summ           0%         N/A       100%        7


Dungeon Overview and Level Annotations

Branches:
Dungeon (7/15)             Temple (1/1) D:4

Altars:
Cheibriados
Elyvilon
Fedhas
Kikubaaqudgha
Makhleb
Nemelex Xobeh
Sif Muna
Trog
Uskayaw
Xom

Shops:
D:6 !


Innate Abilities, Weirdness & Mutations

You cannot wear most types of armour.
You are amphibious.
You can wear up to eight rings at the same time.
Your skin changes colour to match your surroundings (Stealth+).
Your rubbery body absorbs attacks. (AC +1, EV +1)
((You are camouflaged when in or above water. (Stealth+)))
You have tentacles for arms and can constrict up to eight enemies at once.


Message History

You skewer the black bear like a kebab!!!
You kill the black bear!
Makhleb accepts your kill.
Your Dodging skill increases to level 5!
Your Invocations skill increases to level 3!
Found a potion of curing.
Found a stone staircase leading down.
E - 182 stones (gained 5)
Found a mace.
Found a scroll labelled OTYANOASA RAUG.
F - a scroll labelled OTYANOASA RAUG You open the door.
A komodo dragon comes into view.
Found a flail.
Found a stone staircase leading down.
There is an open door here.
Throw: 9 darts (poison)
Press: ? - help, Q - select action, (/) - cycle Shift-Dir - straight line, f - komodo dragon
Aim: a komodo dragon (69% to hit)
You throw a poisoned dart.
The poisoned dart hits the komodo dragon.
The komodo dragon is poisoned.
You block the komodo dragon's attack.
You hit the komodo dragon but do no damage.
The komodo dragon is lightly wounded.
The komodo dragon bites you!!
You barely miss the komodo dragon.
The komodo dragon is lightly wounded.
The komodo dragon bites you!!
Ouch! That really hurt!
* * * LOW HITPOINT WARNING * * *
You hit the komodo dragon but do no damage.
The komodo dragon is lightly wounded.
The komodo dragon hisses menacingly.
You block the komodo dragon's attack.
Unknown command.
As you read the scroll labelled ESOWNIKHI YSCHO YRU, it crumbles to dust.
You feel strangely unstable.
It was a scroll of teleportation.
You block the komodo dragon's attack. The komodo dragon bites you!!
Ouch! That really hurt!
You die...

#.#.#<#.#
#.#.###.#########
#.#..............
#.####.##########
#........#
#######
#......#.#
.......
#.######.#
##.....####.# #.#
.....)>'.l@.# #.#
.#.....###### #.#
....... #.#
#...... #.#
#.####. #.# # #.
#.# .. #.# #. #.#
#.#


You could see a komodo dragon (poisoned).

Vanquished Creatures
  A water moccasin (D:4)
  A black bear (D:7)
  3 ogres
  A necrophage (D:5)
  A phantom (D:3)
  A bullfrog (D:6)
  2 scorpions
  A bullfrog zombie (D:6)
  2 centaur zombies (D:5)
  2 hounds
  A jelly (D:6)
  A bullfrog skeleton (D:6)
  An iron imp (D:3)
  Jessica (D:2)
  2 iguanas
  A hound skeleton (D:4)
  4 gnolls (D:2)
  A howler monkey skeleton (D:4)
  6 adders
  A white imp (D:5)
  An ufetubus (D:4)
  A worm (D:2)
  A dart slug (D:3)
  3 orcs (D:3)
  5 endoplasms
  6 giant cockroaches
  9 goblins
  9 hobgoblins
  9 jackals (D:1)
  11 kobolds
  6 quokkas
  13 ball pythons
  2 bats
  6 frilled lizards
  6 rats
122 creatures vanquished.

Notes
Turn   | Place    | Note
-------+----------+-------------------------------------------
     0 | D:1      | Kazon the Octopode Monk began the quest for the Orb.
     0 | D:1      | Reached XP level 1. HP: 16/16 MP: 1/1
   325 | D:1      | Reached XP level 2. HP: 21/21 MP: 2/2
   659 | D:1      | Reached skill level 3 in Stealth
   665 | D:1      | Reached XP level 3. HP: 26/26 MP: 3/3
  1178 | D:2      | Reached XP level 4. HP: 22/32 MP: 4/4
  1537 | D:2      | Noticed Jessica
  1540 | D:2      | Killed Jessica
  1541 | D:2      | Reached skill level 4 in Stealth
  1648 | D:2      | Found a faded altar of an unknown god.
  1683 | D:2      | Reached XP level 5. HP: 30/37 MP: 5/5
  2042 | D:2      | Reached skill level 1 in Throwing
  2169 | D:3      | Found a bloodstained altar of Trog.
  2211 | D:3      | Noticed a phantom
  2227 | D:3      | Killed a phantom
  2228 | D:3      | Reached skill level 5 in Stealth
  2228 | D:3      | Reached XP level 6. HP: 12/43 MP: 6/6
  2570 | D:3      | Found a snail-covered altar of Cheibriados.
  2858 | D:3      | Found a sparkling altar of Nemelex Xobeh.
  3658 | D:4      | Reached skill level 6 in Stealth
  3691 | D:4      | Found a hide-covered altar of Uskayaw.
  3780 | D:4      | Found a staircase to the Ecumenical Temple.
  3788 | Temple   | Entered the Ecumenical Temple
  3813 | Temple   | Became a worshipper of Makhleb the Destroyer
  3813 | Temple   | Reached * piety under Makhleb
  3813 | Temple   | Reached ** piety under Makhleb
  3893 | D:4      | Reached skill level 1 in Invocations
  3893 | D:4      | Reached skill level 1 in Evocations
  3893 | D:4      | Reached XP level 7. HP: 48/48 MP: 7/7
  4095 | D:4      | Reached skill level 7 in Stealth
  4134 | D:5      | Entered Level 5 of the Dungeon
  4835 | D:5      | Identified a scroll of acquirement
  4835 | D:5      | Acquired 1049 gold pieces
  5014 | D:5      | Reached XP level 8. HP: 54/54 MP: 9/9
  5441 | D:6      | Reached skill level 8 in Stealth
  5615 | D:6      | Found Vaffell's Distillery.
  5634 | D:6      | Bought a potion of heal wounds for 60 gold pieces
  5634 | D:6      | Bought a potion of mutation for 96 gold pieces
  5634 | D:6      | Bought a potion of lignification for 36 gold pieces
  5634 | D:6      | Bought a potion of haste for 120 gold pieces
  5634 | D:6      | Bought a potion of brilliance for 48 gold pieces
  5664 | D:6      | Found a shimmering altar of Xom.
  5683 | D:6      | Reached skill level 5 in Fighting
  5795 | D:7      | Reached skill level 5 in Dodging
  5895 | D:7      | Noticed a komodo dragon
  5900 | D:7      | HP: 1/55 [komodo dragon (33)]
  5904 | D:7      | Annihilated by a komodo dragon

Illustrated notes

Levels and vault maps discovered:
D:1:      scummos_arrival_simple_crosswalls, layout_basic, minmay_tripent
D:2:      layout_basic, shapermc_ecumenical_altar_totnotflames, uniq_jessica
D:3:      minmay_skewed_foursquare, layout_basic, slow_altar_1,
          nemelex_diamond_rough_becter, mainiacjoe_overflow_surrounded_room
D:4:      layout_basic, nicolae_uskayaw_murder_on_the_dancefloor,
          minmay_temple_entry_mist, hex_tiny, hangedman_decor_diamond_cutter,
          minmay_misc_feat_tiny
D:5:      layout_basic
D:6:      layout_cave_pools, tgw_xom, serial_shops, shop, minmay_misc_feat_rows
D:7:      layout_basic
Temple:   cyrus_temple_forest

Skill      XL: |  1  2  3  4  5  6  7  8 |
---------------+-------------------------+-----
Stealth        | 3 4 5 6 7 8 |  8.2
Throwing       | 1 2 |  2.7
Dodging        | 4 5 |  5.0
Short Blades   | 4 |  4.7
Fighting       | 4 5 |  5.1
Invocations    | 1 2 3 |  3.0
Evocations     | 1 2 |  2.8

Action                   |  1- 3 |  4- 6 |  7- 9 || total
-------------------------+-------+-------+-------++-------
Melee: Short sword       |    15 |       |       ||    15
       Constrict         |    21 |    25 |    12 ||    58
       Tentacles         |    12 |    25 |    22 ||    59
       Dagger            |    60 |   119 |    97 ||   276
       Punch             |       |     3 |       ||     3
Throw: Stone             |    13 |    34 |     6 ||    53
       Dart              |       |       |     5 ||     5
  Use: Scroll            |       |     7 |     5 ||    12
       Potion            |       |     1 |       ||     1
 Stab: Sleeping          |    10 |    18 |     9 ||    37
Armor: Skin              |     4 |     2 |     4 ||    10
Dodge: Dodged            |    57 |    55 |    43 ||   155
Block: Tower shield      |       |       |     3 ||     3
